 Dungeon Crawl Stone Soup version 0.28-a0-677-g3278d6a771 (webtiles) character file.

Game seed: 10595398231134148454

0 Gargoyl the Skirmisher (level 1, -6/23 HPs)
             Began as a Gnoll Abyssal Knight on Oct 18, 2021.
             Was a Follower of Lugonu.
             Mangled by a thrashing horror (15 damage)
             ... on level 2 of the Abyss.
             The game lasted 00:00:14 (116 turns).

Gargoyl the Skirmisher (Gnoll Abyssal Knight)        Turns: 116, Time: 00:00:14

Health: -6/23      AC:  4    Str: 12    XL:     1   Next: 0%
Magic:  3/3        EV: 12    Int:  9    God:    Lugonu [*.....]
Gold:   13         SH:  0    Dex: 12    Spells: 0/0 levels left

rFire   . . .      SeeInvis .   a - +1 hand axe
rCold   . . .      Faith    .   (no shield)
rNeg    . . .      Spirit   .   b - +1 leather armour
rPois   .          Reflect  .   (no helmet)
rElec   .          Harm     .   (no cloak)
rCorr   .          Rampage  .   (no gloves)
Will    .....                   (no boots)
Stlth   +.........              (no amulet)
HPRegen 0.07/turn               (no ring)
MPRegen 0.08/turn               (no ring)

@: no status effects
A: fangs 1, strong nose, distributed training
a: Renounce Religion, Depart the Abyss


You were on level 2 of the Abyss.
You worshipped Lugonu.
Lugonu was aware of your devotion.
You visited 0 branches of the dungeon, and saw 0 of its levels.
You visited the Abyss 1 time.

You collected 13 gold pieces.

Inventory:

Hand Weapons
 a - a +1 hand axe (weapon)
Armour
 b - a +1 leather armour (worn)


   Skills:
 + Level 6.4 Fighting
 + Level 0.0 Short Blades
 + Level 0.0 Long Blades
 + Level 4.4 Axes
 + Level 0.0 Maces & Flails
 + Level 0.0 Polearms
 + Level 0.0 Staves
 + Level 0.0 Slings
 + Level 0.0 Bows
 + Level 0.0 Crossbows
 + Level 0.0 Throwing
 + Level 4.4 Armour
 + Level 2.3 Dodging
 + Level 0.0 Stealth
 + Level 0.0 Shields
 + Level 0.0 Unarmed Combat
 + Level 0.0 Spellcasting
 + Level 0.0 Conjurations
 + Level 0.0 Hexes
 + Level 0.0 Summonings
 + Level 0.0 Necromancy
 + Level 0.0 Translocations
 + Level 0.0 Transmutations
 + Level 0.0 Fire Magic
 + Level 0.0 Ice Magic
 + Level 0.0 Air Magic
 + Level 0.0 Earth Magic
 + Level 0.0 Poison Magic
 + Level 4.4 Invocations
 + Level 0.0 Evocations


You couldn't memorise any spells.
You didn't know any spells.
Your spell library was empty.

Dungeon Overview and Level Annotations

Branches:
Dungeon (0/15)

Altars:


Innate Abilities, Weirdness & Mutations

You have very sharp teeth.
Your uncanny sense of smell can sniff out nearby items.
Your experience applies equally to all skills.


Message History

Found a gateway leading out of the Abyss.
There is a gateway leading out of the Abyss here.
Found a gateway leading deeper into the Abyss.
There is a gateway leading deeper into the Abyss here.
You enter the shallow water.
Moving in this stuff is going to be slow.
Tentacles burst out of the water! 4 tentacles come into view.
There are monsters nearby!
There are monsters nearby!
A tentacle segment bursts forth from the water.
A tentacle rises from the water!
The tentacle barely misses you.
A tentacle comes into view.
A tentacle segment bursts forth from the water.
There is a gateway leading deeper into the Abyss here.
You plunge deeper into the Abyss.
Found a scroll labelled JUCWETACKY.
c - a scroll labelled JUCWETACKY
Found a broad axe.
As you read the scroll labelled JUCWETACKY, it crumbles to dust.
It is a scroll of enchant armour.
Your +0 leather armour glows green for a moment.
A thrashing horror comes into view.
A thrashing horror is nearby!
A thrashing horror is nearby!
The thrashing horror roars!
The thrashing horror tramples you!
Ouch! That really hurt!
You hold your ground!
The thrashing horror closely misses you.
The thrashing horror roars!
The thrashing horror barely misses you. x2
The thrashing horror barely misses you. The thrashing horror tramples you.
You hold your ground!
The thrashing horror roars!
The thrashing horror completely misses you.
The thrashing horror barely misses you. The thrashing horror tramples you!
Ouch! That really hurt!
You die...

#.. ###.#$. #
.... #.X.∆ # #
# #.#### ##.#
####.#.##.####
.#
#..#..#.....#
# # ##..#.####
..#.#.#.#.# #
.#.##X#...
#..#.#.@#..#..
# ..#..#..#.
##
.#.#.#...#..#
.##...#.#.#..#
.... ..# ..#
...#. ..
##.... .##
..##. .#


You could see a thrashing horror.

Vanquished Creatures (others)
  5 tentacles (Abyss:1)
5 creatures vanquished.

Notes
Turn   | Place    | Note
-------+----------+-------------------------------------------
     0 | Abyss:1  | Gargoyl the Gnoll Abyssal Knight began the quest for the
                  | Orb.
     0 | Abyss:1  | Reached XP level 1. HP: 23/23 MP: 3/3
    32 | Abyss:1  | Noticed a kraken
   104 | Abyss:2  | Noticed a thrashing horror
   116 | Abyss:2  | Mangled by a thrashing horror

Illustrated notes

Levels and vault maps discovered:
Abyss:2:  base: Temple, hangedman_abyss_feature_spike

Action                   || total
-------------------------++-------
  Use: Scroll            ||     1
Dodge: Dodged            ||     7

Table legend: (Time is in decaauts)
 A = Elapsed time spent in this place.
 B = Non-inter-level travel time spent in this place.
 C = Inter-level travel time spent in this place.
 D = Time resting spent in this place.
 E = Time spent auto-exploring this place.
 F = Levels seen in this place.
 G = Mean time per level.
                   A        B        C        D        E       F      G
               +--------+--------+--------+--------+--------+-----+--------+
         Total |    116 |    116 |      0 |      0 |     87 |   2 |   58.0 |
         Abyss |    116 |    116 |      0 |      0 |     87 |   2 |   58.0 |
               +--------+--------+--------+--------+--------+-----+--------+

Top non-repeatable levels by time:
 Abyss:2: 68 daAuts
 Abyss:1: 47 daAuts
